 Dungeon Crawl Stone Soup version 0.31.0-1-g2c135a008e (webtiles) character file.

Game seed: 829655968366281759

158 qw the Shooter (level 5, -8/40 HPs)
             Began as a Djinni Hunter on Jan 24, 2024.
             Mangled by an iguana (9 damage)
             ... on level 5 of the Dungeon.
             The game lasted 00:00:13 (2999 turns).

qw the Shooter (Djinni Hunter)                      Turns: 2999, Time: 00:00:13

Health: -8/40      AC:  7    Str: 10    XL:     5   Next: 67%
Gold:   158        EV: 11    Int: 10    God:
                   SH:  0    Dex: 19

rFire   + + .        a - +0 shortbow
rCold   x . .        (shield currently unavailable)
rNeg    . . .        f - +0 ring mail
rPois   inf          g - +1 helmet
rElec   .            (no cloak)
rCorr   +            (no gloves)
SInv    .            (boots unavailable)
Will    +....        m - amulet of faith
Stlth   +            o - ring of willpower
HPRegen 0.26/turn    p - ring of resist corrosion
MPRegen 0.00/turn

%: faith, infuse magic (-9 HP)
@: flying
A: sickness immunity, fire resistance 2, cold vulnerability 1, float, innate
caster, HP casting, extra vitality 1
a: no special abilities


You were on level 5 of the Dungeon.
You visited 1 branch of the dungeon, and saw 5 of its levels.

You collected 158 gold pieces.


Innate Abilities, Weirdness & Mutations

You are immune to sickness and miasma.
You are immune to poison.
Your flesh is very heat resistant. (rF++)
You are vulnerable to cold. (rC-)
You float through the air rather than walking.
You learn spells naturally, not from books.
Your magical power is your life essence.
You have superior vitality. (+4 MHP)


   Skills:
 - Level 3.2 Fighting
 + Level 4.5 Ranged Weapons
 - Level 1.2 Armour
 - Level 2.7 Dodging
 - Level 0.7 Stealth


You knew the following spells:

 Your Spells              Type           Power      Damage    Failure   Level
a - Shock                 Conj/Air       0%         1d3       67%         1
b - Momentum Strike       Conj/Tloc      0%         3d8       82%         2
Your spell library was empty.

Inventory:

Hand Weapons
 a - a +0 shortbow (weapon)
Armour
 f - a +0 ring mail (worn)
 g - a +1 helmet (worn)
 h - the +3 helmet "Wilivvig" {Harm Regen+ Str+7 Slay-5}
   (You took it off Robin on level 2 of the Dungeon)

   Str+7:     It affects your strength (+7).
   Slay-5:    It affects your accuracy & damage with ranged weapons and melee
   (-5).
   Regen+:    It increases your rate of health regeneration.
   Harm:      It increases damage dealt and taken.
Jewellery
 b - an amulet of regeneration
 m - an amulet of faith (around neck)
 o - a ring of willpower (left hand)
 p - a ring of resist corrosion (right hand)
Scrolls
 i - a scroll of identify
Potions
 d - 4 potions of curing
 e - a potion of brilliance {unknown}
 j - a potion of heal wounds {unknown}
 n - a potion of magic {unknown}

Dungeon Overview and Level Annotations

Branches:
Dungeon (5/15)
 Temple: D:4-7

Altars:

Shops:
D:2 (   D:4 (

Annotations:
D:2 1 runed translucent door, Crazy Yiuf


Message History

There is an open door here.
2984 ||| FLEEEEING.
2985 ||| FLEEEEING.
2986 ||| FLEEEEING.
2987 ||| FLEEEEING.
The white imp gestures at you. The puff of frost hits you!
You feel a terrible chill!
2988 ||| READING scroll of teleportation.
As you read the scroll of teleportation, it crumbles to dust.
You feel strangely unstable.
2989 ||| FLEEEEING.
The white imp gestures at you. The puff of frost hits you.
You feel a terrible chill!
2990 ||| FLEEEEING.
2991 ||| FLEEEEING.
Your surroundings suddenly seem different.
An iguana comes into view.
Found a scroll labelled GIMION LIONUJ.
You shoot an arrow. The arrow barely misses the iguana.
The iguana hisses angrily.
You shoot an arrow.
The arrow hits the iguana but does no damage.
You shoot an arrow.
The arrow hits the iguana but does no damage.
You shoot an arrow.
The arrow hits the iguana but does no damage.
You shoot an arrow. The arrow hits the iguana.
The iguana is lightly wounded.
The iguana bites you but does no damage.
You shoot an arrow. The arrow hits the iguana.
The iguana is moderately wounded.
The iguana bites you but does no damage.
You shoot an arrow.
The arrow hits the iguana but does no damage.
The iguana is moderately wounded.
The iguana barely misses you. The iguana bites you.
You shoot an arrow. The arrow hits the iguana.
The iguana is heavily wounded.
The iguana bites you!
You die...

#........ #........
#........##+#######
#.................#
#.................#
#.................#
..............#
.......l......#
.......@......#
........?.....#
..............#
#####.........#
###########


You could see an iguana.

Vanquished Creatures
  A hound (D:4)
  Robin (D:2)
  3 gnolls (D:3)
  An adder (D:2)
  A dart slug (D:1)
  2 ribbon worms
  3 orcs
  3 bats
  7 endoplasms
  3 giant cockroaches
  7 hobgoblins
  5 quokkas
  6 ball pythons
  5 frilled lizards
  12 goblins
  4 kobolds
  7 rats
71 creatures vanquished.

Notes
Turn   | Place    | Note
-------+----------+-------------------------------------------
     0 | D:1      | qw the Djinni Hunter began the quest for the Orb.
     0 | D:1      | Reached XP level 1. HP: 18/18 MP: 0/0
     0 | D:1      | 0 ||| qw: Version: 0.3-a-136-gdd3b4e8
     0 | D:1      | 0 ||| qw: Game counter: 1413
     0 | D:1      | 0 ||| qw: Melee chars always use a shield: true
     0 | D:1      | 0 ||| qw: God list: Okawaru
     0 | D:1      | 0 ||| qw: Allow faded altars: false
     0 | D:1      | 0 ||| qw: Do Orc after clearing Dungeon:15 true
     0 | D:1      | 0 ||| qw: Do second Lair branch before Depths: true
     0 | D:1      | 0 ||| qw: Lair rune preference: random
     0 | D:1      | 0 ||| qw: Goals: Normal
     0 | D:1      | 0 ||| PLANNING D:1-11
    88 | D:1      | Reached XP level 2. HP: 23/23 MP: 0/0
   153 | D:1      | 153 ||| RETREEEEATING.
   166 | D:1      | HP: 5/23 [quokka (3)]
   252 | D:1      | Reached skill level 4 in Ranged Weapons
   252 | D:1      | Reached XP level 3. HP: 24/28 MP: 0/0
   252 | D:1      | Learned a level 1 spell: Shock
   540 | D:1      | 540 ||| READING scroll labelled JODWAO UXUNWETH.
   540 | D:1      | 540 ||| IDENTIFYING amethyst potion
   541 | D:1      | 541 ||| READING scroll labelled GYIWUC LINN.
   642 | D:1      | 642 ||| DROPPING scroll of butterflies.
   643 | D:1      | 643 ||| DROPPING potion of attraction.
   707 | D:2      | Found a faded altar of an unknown god.
   804 | D:2      | Identified the +3 helmet "Wilivvig" {Harm Regen+ Str+7
                  | Slay-5}
   804 | D:2      | Noticed Robin
   805 | D:2      | 805 ||| RETREEEEATING.
   809 | D:2      | 809 ||| RETREEEEATING.
   817 | D:2      | Reached XP level 4. HP: 30/34 MP: 0/0
   819 | D:2      | Killed Robin
   820 | D:2      | Reached skill level 3 in Fighting
  1023 | D:2      | Found Guhyog's Weapon Shop.
  1240 | D:2      | Found a runed translucent door.
  1241 | D:2      | Noticed Crazy Yiuf
  1408 | D:2      | 1408 ||| UPGRADING to +0 ring mail.
  1418 | D:2      | 1418 ||| DROPPING +0 leather armour.
  1419 | D:2      | 1419 ||| UPGRADING to +0 helmet.
  1424 | D:2      | 1424 ||| READING scroll of identify.
  1424 | D:2      | 1424 ||| IDENTIFYING 2 lumpy amethyst potions
  1425 | D:2      | 1425 ||| READING scroll labelled XEPNOMN WEZXA.
  1461 | D:2      | 1461 ||| READING scroll labelled COEMUONGUFA.
  1462 | D:2      | 1462 ||| READING scroll labelled KITAXEAPSY.
  1462 | D:2      | 1462 ||| ENCHANTING +0 helmet.
  1820 | D:3      | Reached skill level 1 in Armour
  1820 | D:3      | Reached XP level 5. HP: 36/40 MP: 0/0
  1820 | D:3      | Learned a level 2 spell: Momentum Strike
  2293 | D:3      | 2293 ||| UPGRADING to amulet of regeneration.
  2528 | D:4      | Found Labluxug's Weapon Boutique.
  2528 | D:4      | Noticed a +0 demon blade
  2528 | D:4      | Noticed a +0 demon trident
  2538 | D:4      | 2538 ||| SHOPLISTING +10 orcbow of Tender Mercy {drain,
                  | rPois} (742 gold, have 123).
  2836 | D:4      | 2836 ||| DROPPING scarf of harm.
  2837 | D:4      | 2837 ||| UPGRADING to amulet of faith.
  2847 | D:4      | 2847 ||| UPGRADING to ring of willpower.
  2848 | D:4      | 2848 ||| UPGRADING to ring of resist corrosion.
  2849 | D:4      | 2849 ||| DROPPING +6 ring of intelligence.
  2850 | D:4      | 2850 ||| READING scroll labelled QOJOOL WICIPNULE.
  2851 | D:4      | 2851 ||| READING scroll labelled HAPACU WOEVORE.
  2878 | D:5      | Entered Level 5 of the Dungeon
  2967 | D:5      | 2967 ||| FLEEEEING.
  2968 | D:5      | 2968 ||| FLEEEEING.
  2969 | D:5      | 2969 ||| FLEEEEING.
  2970 | D:5      | 2970 ||| FLEEEEING.
  2971 | D:5      | 2971 ||| FLEEEEING.
  2972 | D:5      | 2972 ||| FLEEEEING.
  2973 | D:5      | 2973 ||| FLEEEEING.
  2974 | D:5      | 2974 ||| FLEEEEING.
  2975 | D:5      | 2975 ||| FLEEEEING.
  2976 | D:5      | 2976 ||| FLEEEEING.
  2977 | D:5      | 2977 ||| FLEEEEING.
  2978 | D:5      | 2978 ||| FLEEEEING.
  2979 | D:5      | 2979 ||| FLEEEEING.
  2980 | D:5      | 2980 ||| FLEEEEING.
  2981 | D:5      | 2981 ||| FLEEEEING.
  2982 | D:5      | 2982 ||| FLEEEEING.
  2983 | D:5      | 2983 ||| FLEEEEING.
  2984 | D:5      | 2984 ||| FLEEEEING.
  2985 | D:5      | 2985 ||| FLEEEEING.
  2986 | D:5      | 2986 ||| FLEEEEING.
  2987 | D:5      | 2987 ||| FLEEEEING.
  2987 | D:5      | HP: 8/40 [white imp/puff of frost (9)]
  2988 | D:5      | 2988 ||| READING scroll of teleportation.
  2989 | D:5      | 2989 ||| FLEEEEING.
  2989 | D:5      | HP: 3/40 [white imp/puff of frost (6)]
  2990 | D:5      | 2990 ||| FLEEEEING.
  2991 | D:5      | 2991 ||| FLEEEEING.
  2998 | D:5      | HP: 1/40 [iguana (5)]
  2999 | D:5      | Mangled by an iguana

Levels and vault maps discovered:
D:1:      psy_arrival_basics, layout_rooms, hangedman_decor_points,
          kennysheep_minor_cross
D:2:      layout_loops_ring, basic_ecumenical_altar, serial_shops,
          nicolae_shop_waterfront, uniq_robin, uniq_crazy_yiuf_cottage
D:3:      layout_loops_corners
D:4:      layout_basic, serial_shops, nicolae_shop_mannequins,
          kennysheep_generic_room_15
D:5:      layout_gridville, nicolae_yredelemnul_corpse_copse,
          palyth_stone_intersect

Skill      XL: |  1  2  3  4 |
---------------+-------------+-----
Ranged Weapons | 4 |  4.5
Fighting       | 3 |  3.2
Armour         | 1 |  1.2
Dodging        | |  2.7
Stealth        | |  0.7

Action                     |  1- 3 |  4- 6 || total
---------------------------+-------+-------++-------
   Fire: Shortbow          |    97 |   132 ||   229
    Use: Scroll            |     2 |     7 ||     9
 Armour: Leather armour    |    34 |    13 ||    47
         Ring mail         |       |    34 ||    34
  Dodge: Dodged            |    46 |    38 ||    84

Table legend:
 A = Non-vault XP
 B = Vault XP
 C = Vault XP percentage of total XP
 D = Non-vault monster count
 E = Vault monster count
 F = Vault count percentage of total count
                 A         B        C        D         E       F
            +---------+---------+-------+---------+---------+-------
      Total |     193 |      34 |  15.0 |      61 |      10 |  14.1
            +---------+---------+-------+---------+---------+-------
        D:1 |      38 |       0 |   0.0 |      24 |       0 |   0.0
        D:2 |      41 |      32 |  43.8 |      15 |       9 |  37.5
        D:3 |      66 |       0 |   0.0 |      18 |       0 |   0.0
        D:4 |      45 |       2 |   4.3 |       3 |       1 |  25.0
        D:5 |       3 |       0 |   0.0 |       1 |       0 |   0.0
            +---------+---------+-------+---------+---------+-------
